 Dungeon Crawl Stone Soup version 0.30-a0-711-gf4ac18a38d (webtiles) character file.

Game seed: 5855153901469228122

51 kae the Insei (level 3, 22/25 (26) HPs)
             Began as a Demonspawn Transmuter on Jan 22, 2023.
             Quit the game on level 2 of the Dungeon.
             The game lasted 00:01:45 (1376 turns).

kae the Insei (Demonspawn Transmuter)               Turns: 1376, Time: 00:01:46

HP:   22/25 (26)    AC:  2    Str: 10    XL:     3   Next: 57%
MP:   6/6           EV: 12    Int: 16    God:
Gold: 60            SH:  0    Dex: 19    Spells: 0/6 levels left

rFire   . . .      SeeInvis .      - Unarmed
rCold   . . .      Faith    .    (no shield)
rNeg    . . .      Spirit   .    a - +0 robe
rPois   .          Reflect  .    (helmet currently unavailable)
rElec   .          Harm     .    (no cloak)
rCorr   .          Rampage  .    (no gloves)
Will    .....                    (boots currently unavailable)
Stlth   ++                       f - amulet of magic regeneration
HPRegen 0.24/turn                Z - ring of wizardry
MPRegen 0.50/turn                D - +6 ring of dexterity

@: appendages (expiring), lightly drained
A: talons 2, horns 1, demonic guardian 1
a: End Transformation


You were on level 2 of the Dungeon.
You had temporarily grown beastly talons.
You visited 1 branch of the dungeon, and saw 2 of its levels.

You collected 60 gold pieces.


Innate Abilities, Weirdness & Mutations

You have temporarily grown beastly talons.
You have a pair of small horns on your head.
A weak demonic guardian rushes to your aid.


   Skills:
 - Level 1.0 Fighting
 - Level 1.7 Dodging
 + Level 3.1 Unarmed Combat
 + Level 2.4 Spellcasting
 * Level 2.7 Transmutations
 * Level 0.6 Poison Magic


You couldn't memorise any spells.
You knew the following spells:

 Your Spells              Type           Power      Damage    Failure   Level
a - Beastly Appendage     Tmut           20%        N/A       2%          1
b - Wereblood             Tmut           10%        N/A       4%          2
c - Spider Form           Tmut/Pois      7%         N/A       12%         3

Your spell library contained the following spells:

 Spells                   Type           Power      Damage    Failure   Level
 Summon Small Mammal      Summ           4%         N/A       9%          1
 Call Canine Familiar     Summ           1%         N/A       24%         3
 Summon Guardian Golem    Hex/Summ       1%         N/A       24%         3
 Tukima's Dance           Hex            1%         N/A       24%         3
 Ice Form                 Ice/Tmut       6%         N/A       38%         4
 Passage of Golubria      Tloc           1%         N/A       58%         4
 Yara's Violent Unravell  Hex/Tmut       3%         3d4       73%         5

Inventory:

Missiles
 c - 16 stones
 m - 4 javelins
Armour
 a - a +0 robe (worn)
Jewellery
 f - an amulet of magic regeneration (around neck)
   (You found it on level 1 of the Dungeon)
 D - a +6 ring of dexterity (right hand)
   (You found it on level 2 of the Dungeon)
 R - a ring of resist corrosion
   (You found it on level 1 of the Dungeon)
 Z - a ring of wizardry (left hand)
   (You found it on level 1 of the Dungeon)
Scrolls
 d - a scroll of fear {unknown}
 g - a scroll of enchant weapon {unknown}
 h - a scroll of acquirement {unknown}
 i - 3 scrolls of teleportation {unknown}
 j - a scroll of immolation {unknown}
 k - 2 scrolls of magic mapping {unknown}
Potions
 b - a potion of lignification {!q}
 e - a potion of mutation {unknown}
 l - 2 potions of ambrosia {unknown}

Dungeon Overview and Level Annotations

Branches:
Dungeon (2/15) Zot: 10630

Altars:

#.........#.......>
.#####.........#.....##.
.....#.........#..#..###
..............##.....#
.............###..#.##
........####.###..#.#
#......# ##.##.....####
#....S.###........##...
#...>.@#........####.##
######...............#
#.........#######
##.......## #<.....##
########


You could see an adder.


Message History

😱 HP[-1]
You take 1 damage, and now have 6/24 hp.
Unknown command.
You barely miss the adder.
You feel sick. The adder misses you.
Your shadow imp hits the adder. 😱 MP[+1]
You bite the adder!
You kill the adder!
You now have 25 max hp (+1).
Unknown command.
You feel sick.
You feel sick.
Your transformation is almost over.
You feel sick.
You are no longer poisoned.
Your shadow imp disappears in a puff of smoke!
Key pressed, stopping explore.
Your transformation has ended.
Your +0 robe unmelds from your body. 😱 MP[+1]
Your mp is fully restored (6).
Key pressed, stopping explore.
Unknown command. 😨 HP[+5]
You regained 5 hp, and now have 11/25 hp.
Things that are here:
a +2 dagger of venom; a +1 sling of draining 😕 HP[+10]
You regained 10 hp, and now have 21/25 hp.
You now have 37 gold pieces (gained 5).
Things that are here:
a +2 dagger of venom; a +1 sling of draining You now have 50 gold pieces (gained 13).
You now have 56 gold pieces (gained 6).
Found a stone staircase leading down. 😎 HP[+4]
Your hp is fully restored (25).
You now have 60 gold pieces (gained 4).
A quokka comes into view.
A quokka is nearby!
A quokka is nearby!
Casting: Spider Form (quite dangerous; 12% risk of failure)
Confirm with . or Enter, or press ? or * to list all spells.
Your feet morph into talons.
You barely miss the quokka. Your kick misses the quokka. The quokka bites you.
The quokka closely misses you. 😕 HP[-5]
You take 5 damage, and now have 20/25 hp.
A quokka is nearby!
You hit the quokka. Your headbutt misses the quokka.
The quokka closely misses you.
You hit the quokka. The quokka bites you.
A demonic guardian appears! 😮 HP[-2]
You take 2 damage, and now have 18/25 hp.
You closely miss the quokka. You headbutt the quokka.
You kill the quokka!
No target in view!
Your transformation is almost over.
Your talons disappear.
You swap places.
Key pressed, stopping explore.
Your white imp disappears in a puff of smoke!
An adder comes into view.
The adder moves out of view. 😎 HP[+7]
Your hp is fully restored (25).
No target in view!
No target in view!
An adder is nearby!
An adder is nearby!
The adder hisses angrily.
Casting: Beastly Appendage (safe; 2% risk of failure)
Confirm with . or Enter, or press ? or * to list all spells.
Your feet morph into talons.
The adder closely misses you. The adder barely misses you.
The adder bites you but does no damage.
You hit the adder. Your kick misses the adder. Your headbutt misses the adder.
The adder bites you.
You barely miss the adder. You claw the adder, but do no damage.
Your transformation is almost over.
The adder closely misses you. 😕 HP[-1]
You take 1 damage, and now have 24/25 hp.
You miss the adder. You claw the adder.
You headbutt the adder, but do no damage.
The adder misses you.
You hit the adder. The adder bites you.
An adder is nearby! 😕 HP[-3]
You take 3 damage, and now have 21/25 hp.
You hit the adder. Your kick misses the adder. Your headbutt misses the adder.
The adder misses you. The adder closely misses you.
You hit the adder but do no damage. You claw the adder.
You headbutt the adder, but do no damage.
The adder barely misses you.
An adder is nearby!
You miss the adder. You claw the adder, but do no damage.
The adder completely misses you.
You closely miss the adder.
The adder barely misses you. x2 😕 HP[+1] Are you sure you want to abandon this character and quit the game? (Confirm with "yes".)

Skill      XL: |  1  2 |
---------------+-------+-----
Transmutations | 2 |  2.7
Unarmed Combat | 3 |  3.1
Fighting       | |  1.0
Dodging        | |  1.7
Spellcasting   | |  2.4
Poison Magic   | |  0.6

Action                     || total
---------------------------++-------
  Melee: Unarmed           ||   103
         Kick              ||    17
         Headbutt          ||    21
         Punch             ||     2
   Cast: Beastly Appendage ||    22
         Spider Form       ||     2
    Use: Scroll            ||     1
   Stab: Sleeping          ||     2
 Armour: Robe              ||    20
         Skin              ||     3
  Dodge: Dodged            ||    72

Levels and vault maps discovered:
D:1:      ldierk_walled_garden_2, layout_loops_ring, chequers_arboretum,
          minmay_tetromino_i2
D:2:      layout_rooms, serial_corexii_hall, corexii_hall_statues_i,
          corexii_hall_statues_i, chequers_hall_statues_y,
          corexii_hall_statues_l

Notes
Turn   | Place    | Note
-------+----------+-------------------------------------------
     0 | D:1      | kae the Demonspawn Transmuter began the quest for the Orb.
     0 | D:1      | Reached XP level 1. HP: 15/15 MP: 3/3
     0 | D:1      | magus.rc [v1.11.3]
    27 | D:1      | You add the spells Tukima's Dance, Passage of Golubria and
                  | Yara's Violent Unravelling to your library.
    49 | D:1      | Reached skill level 2 in Transmutations
    72 | D:1      | Mutation became permanent: You have a pair of small horns
                  | on your head. [demonic ancestry]
    72 | D:1      | Gained mutation: You have a pair of horns on your head.
                  | [demonic ancestry]
    72 | D:1      | Reached XP level 2. HP: 11/21 MP: 3/5
   601 | D:1      | Reached skill level 3 in Unarmed Combat
   664 | D:1      | You pick up a book of Callings and begin reading...
   664 | D:1      | You add the spells Summon Small Mammal, Call Canine
                  | Familiar and Summon Guardian Golem to your library.
   947 | D:2      | Gained mutation: A weak demonic guardian rushes to your
                  | aid. [demonic ancestry]
   947 | D:2      | Reached XP level 3. HP: 26/26 MP: 6/6
   950 | D:2      | Learned a level 2 spell: Wereblood
   954 | D:2      | Learned a level 3 spell: Spider Form
  1140 | D:2      | HP: 6/24 [poisoned by a goblin]
  1145 | D:2      | HP: 4/25 [poisoned by a goblin]
  1376 | D:2      | Quit the game

Vanquished Creatures
  An adder (D:2)
  A dart slug (D:1)
  5 endoplasms
  4 goblins
  2 hobgoblins (D:1)
  3 jackals (D:1)
  4 quokkas
  6 bats
  A frilled lizard (D:2)
  3 kobolds
  6 rats
36 creatures vanquished.

Vanquished Creatures (others)
  4 toadstools (D:1)
4 creatures vanquished.

Grand Total: 40 creatures vanquished

Table legend:
 A = Non-vault XP
 B = Vault XP
 C = Vault XP percentage of total XP
 D = Non-vault monster count
 E = Vault monster count
 F = Vault count percentage of total count
                 A         B        C        D         E       F
            +---------+---------+-------+---------+---------+-------
      Total |      68 |       5 |   6.8 |      34 |       2 |   5.6
            +---------+---------+-------+---------+---------+-------
        D:1 |      34 |       5 |  12.8 |      21 |       2 |   8.7
        D:2 |      34 |       0 |   0.0 |      13 |       0 |   0.0
            +---------+---------+-------+---------+---------+-------

Illustrated notes

Table legend:
 A = Kills in this place as a percentage of kills in entire the game.
 B = Kills by you in this place as a percentage of kills by you in the entire game.
 C = Kills by friends in this place as a percentage of kills by friends in the entire game.
 D = Other kills in this place as a percentage of other kills in the entire game.
 E = Experience gained in this place as a percentage of experience gained in the entire game.
 F = Experience gained in this place divided by the number of levels of this place that you have seen.
                   A       B       C       D       E      F
               +-------+-------+-------+-------+-------+----------------------
         Total | 100.0 | 100.0 |   N/A |   N/A | 100.0 |  36.5
       Dungeon | 100.0 | 100.0 |   N/A |   N/A | 100.0 |  36.5
               +-------+-------+-------+-------+-------+----------------------

Table legend: (Time is in decaauts)
 A = Elapsed time spent in this place.
 B = Non-inter-level travel time spent in this place.
 C = Inter-level travel time spent in this place.
 D = Time resting spent in this place.
 E = Time spent auto-exploring this place.
 F = Levels seen in this place.
 G = Mean time per level.
                   A        B        C        D        E       F      G
               +--------+--------+--------+--------+--------+-----+--------+
         Total |   1369 |   1320 |     49 |      0 |   1033 |   2 |  684.5 |
       Dungeon |   1369 |   1320 |     49 |      0 |   1033 |   2 |  684.5 |
               +--------+--------+--------+--------+--------+-----+--------+

Top non-repeatable levels by time:
     D:1: 934 daAuts
     D:2: 434 daAuts
